 Dungeon Sprint DCSS version 0.30-a0-1157-g2cc9ac7196 (webtiles) character file.

Game seed: 13925308675049823947

1177 fozzywoppz the Covert (level 8, -22/46 HPs)
             Began as a Spriggan Brigand on Apr 24, 2023.
             Was a Priest of Okawaru.
             Annihilated by a naga
             ... wielding a +0 glaive
              (33 damage)
             ... in the Dungeon (Sprint V: "Ziggurat Sprint").
             The game lasted 00:06:04 (308 turns).

fozzywoppz the Covert (Spriggan Brigand)             Turns: 308, Time: 00:06:04

Health: -22/46     AC:  3    Str: 15    XL:     8   Next: 18%
Magic:  9/9        EV: 24    Int: 12    God:    Okawaru [***...]
Gold:   0          SH:  7    Dex: 23    Spells: 7/7 levels left

rFire   . . .        E - +5 quick blade
rCold   . . .        o - +3 buckler
rNeg    . . .        b - +0 robe
rPois   .            (helmet restricted)
rElec   .            c - +0 cloak
rCorr   .            (gloves unavailable)
SInv    +            (boots unavailable)
Will    +....        (no amulet)
Stlth   ++++++       x - +6 ring of dexterity
HPRegen 0.27/turn    B - +6 ring of strength
MPRegen 0.11/turn

%: no teleportation
@: constricted, very quick
A: very small, no large weapons, unfitting armour, see invisible, speed 3
a: Renounce Religion, Heroism


You were in the Dungeon.
You worshipped Okawaru.
Okawaru was most pleased with you.
You visited 1 branch

Inventory:

Hand Weapons
 w - the +4 quick blade of the Thieving Queen {drain, rF+ rC+ Str-5 Dex+2}
   (You found it in the Dungeon)

   Str:       It affects your strength (-5).
   Dex:       It affects your dexterity (+2).
   rF:        It protects you from fire.
   rC:        It protects you from cold.
 E - a +5 quick blade (weapon)
Missiles
 d - 7 poisoned darts (quivered)
 e - 3 curare-tipped darts
Armour
 a - an orb of mayhem
 b - a +0 robe (worn)
 c - a +0 cloak (worn)
 o - a +3 buckler (worn)
Jewellery
 x - a +6 ring of dexterity (left hand)
 y - a +6 ring of dexterity
 B - a +6 ring of strength (right hand)
Wands
 u - a wand of mindburst (7)
 v - a wand of light (15)
 D - a wand of charming (6)
Scrolls
 k - 4 scrolls of blinking
 q - 4 scrolls of amnesia
 r - 7 scrolls of fog
 s - 5 scrolls of identify
 t - 2 scrolls of fear
Potions
 f - 9 potions of curing
 g - 9 potions of heal wounds
 h - 6 potions of haste
 i - 7 potions of magic
 j - 3 potions of berserk rage
 l - 2 potions of brilliance
 m - 2 potions of invisibility
 n - 4 potions of resistance
 p - 4 potions of might


   Skills:
 + Level 7.0 Fighting
 + Level 9.3 Short Blades
 + Level 8.4 Throwing
 + Level 10.7 Dodging
 + Level 13.8 Stealth
 + Level 0.0 Invocations


You had 7 spell levels left.
You didn't know any spells.
Your spell library was empty.

Dungeon Overview and Level Annotations

Branches:
Dungeon (1/1)

Altars:
Ashenzari
Cheibriados
Dithmenos
Elyvilon
Fedhas
Gozag
Hepliaklqana
Kikubaaqudgha
Makhleb
Nemelex Xobeh
Okawaru
Qazlal
Ru
Sif Muna
Trog
Uskayaw
Vehumet
Wu Jian
Xom
Yredelemnul
Zin
The Shining One
Jiyva
Lugonu

Annotations:
D 1 transporter


Innate Abilities, Weirdness & Mutations

You are very small and have problems with some larger weapons.
You are too small for most types of armour.
You have supernaturally acute eyesight. (SInv)
You cover ground extremely quickly. (Speed+++)


Message History

You throw a poisoned dart. The poisoned dart hits the naga!!
The naga hits you from afar with a +0 halberd!!
Unknown command.
You hit the ball python.
You kill the ball python!
Okawaru accepts your kill.
Unknown command.
You hit the ball python.
You kill the ball python!
Okawaru accepts your kill. The naga spits poison at you.
The splash of poison hits you!
You are poisoned.
Unknown command.
You feel sick. The naga misses you.
You hit the naga.
The naga is lightly wounded.
You block the naga's attack. The naga completely misses you.
You barely miss the naga.
The naga is lightly wounded.
You feel sick. The naga spits poison at you. The splash of poison misses you.
Unknown command.
You feel better. The naga hits you with a +0 halberd. The naga grabs you.
The naga constricts you. The naga completely misses you.
You closely miss the naga.
The naga is lightly wounded.
You hit the naga.
The naga is moderately wounded.
The naga misses you. The naga constricts you.
* * * LOW HITPOINT WARNING * * *
You feel much better. The naga closely misses you.
The naga hits you with a +0 halberd! The naga constricts you.
* * * LOW HITPOINT WARNING * * *
You barely miss the naga.
The naga is moderately wounded.
The naga hits you from afar with a +0 glaive!!
Ouch! That really hurt!
You die...

▓▓▓▓▓▓▓▓▓▓▓▓▓▓▓▓▓▓▓
▓.8©8.▓.8©8.▓.8©8.▓
▓.))[.▓.))).▓.....▓
▓..|N.▓.....▓...†.▓
▓...N.▓.....▓.....▓
▓....@▓.....▓..†..▓
▓.....▓.....▓..©..▓
▓..©..▓..©..▓▓▓▓▓▓▓
▓▓▓▓▓▓▓▓▓▓▓▓▓


You could see 2 nagas.

Vanquished Creatures
  3 toenail golems (D)
  A jumping spider (D)
  A scorpion (D)
  2 ball pythons (D)
7 creatures vanquished.

Notes
Turn   | Place    | Note
-------+----------+-------------------------------------------
     0 | D        | fozzywoppz the Spriggan Brigand began the quest for the
                  | Orb.
     0 | D        | Reached XP level 1. HP: 10/10 MP: 2/2
     0 | D        | Found a shimmering blue altar of Sif Muna.
     0 | D        | Found a sacrificial altar of Ru.
     0 | D        | Found a bloodstained altar of Trog.
     0 | D        | Found a stormy altar of Qazlal.
     0 | D        | Found an iron altar of Okawaru.
     0 | D        | Found a sparkling altar of Nemelex Xobeh.
     0 | D        | Found a blossoming altar of Fedhas.
     0 | D        | Found the +6 Majin-Bo {spellvamp, MP+6 Int+6}
     0 | D        | Found the +27 heavy crossbow "Sniper" {heavy, Acc+∞ SInv}
     0 | D        | Found the +10 dark maul {heavy}
     0 | D        | Found the +15 Maxwell's patent armour {-Cast -Tele rElec
                  | Will+ rCorr}
     0 | D        | Found the +18 shield of the Gong {Loud rN+ Will+ rCorr
                  | EV-5}
     0 | D        | Found the +16 obsidian axe {drain, demonic, Mesm Drain Fly
                  | SInv}
     0 | D        | Found the +7 great mace "Firestarter" {flame, immolate,
                  | rFlCloud rF++}
     0 | D        | Found the +6 shillelagh "Devastator" {shatter}
     0 | D        | Found the +11 plutonium sword {Contam Stlth-}
     0 | D        | Found the +8 lance "Wyrmbane" {slay drac, rPois rF+ rC+
                  | AC+3}
     0 | D        | Found the +9 sword of Zonguldrok {reap}
     0 | D        | Found the +13 scythe of Curses {drain, curses, Drain}
     0 | D        | Found the +9 sword of Power {lifebolt}
     0 | D        | Found the +7 mace of Variability {chaos, chaos arc}
     0 | D        | Found the +11 Singing Sword {sonic wave}
     0 | D        | Found the +8 storm bow {elec, penet}
     2 | D        | Found a transporter.
     2 | D        | Found an ancient bone altar of Kikubaaqudgha.
     2 | D        | Found a viscous altar of Jiyva.
     2 | D        | Found a corrupted altar of Lugonu.
     2 | D        | Found a hazy altar of Hepliaklqana.
     2 | D        | Found a burning altar of Makhleb.
     2 | D        | Found an opulent altar of Gozag.
    31 | D        | Reached skill level 7 in Stealth
    31 | D        | Reached XP level 2. HP: 16/16 MP: 3/3
   102 | D        | Became a worshipper of Hepliaklqana the Forgotten
   132 | D        | Fell from the grace of Hepliaklqana
   132 | D        | Became a worshipper of Warmaster Okawaru
   141 | D        | Entered arena 2.
   141 | D        | Noticed a scorpion
   141 | D        | Noticed a jumping spider
   141 | D        | Found a transporter.
   144 | D        | Killed a scorpion
   145 | D        | Was forgiven by Hepliaklqana
   145 | D        | Reached skill level 5 in Short Blades
   145 | D        | Reached skill level 5 in Dodging
   145 | D        | Reached skill level 8 in Stealth
   145 | D        | Reached XP level 3. HP: 18/21 MP: 4/4
   147 | D        | Killed a jumping spider
   147 | D        | Reached * piety under Okawaru
   148 | D        | Reached skill level 5 in Throwing
   148 | D        | Reached skill level 10 in Stealth
   148 | D        | Reached XP level 4. HP: 23/26 MP: 5/5
   148 | D        | Reached XP level 5. HP: 27/30 MP: 6/6
   152 | D        | Got the +4 quick blade of the Thieving Queen {drain, rF+
                  | rC+ Str-5 Dex+2}
   155 | D        | Entered arena 3.
   155 | D        | Noticed a toenail golem
   155 | D        | Noticed a toenail golem
   155 | D        | Noticed a toenail golem
   155 | D        | Found a transporter.
   170 | D        | Killed a toenail golem
   170 | D        | Reached ** piety under Okawaru
   170 | D        | Reached *** piety under Okawaru
   171 | D        | Reached skill level 12 in Stealth
   171 | D        | Reached XP level 6. HP: 33/36 MP: 4/7
   171 | D        | Reached XP level 7. HP: 36/40 MP: 4/8
   178 | D        | Killed a toenail golem
   179 | D        | Reached skill level 10 in Dodging
   179 | D        | Reached skill level 13 in Stealth
   188 | D        | Killed a toenail golem
   189 | D        | Reached XP level 8. HP: 17/46 MP: 5/9
   295 | D        | Entered arena 4.
   295 | D        | Found a transporter.
   308 | D        | Annihilated by a naga

Illustrated notes

Levels and vault maps discovered:
D:        sprint_v [room_start, room_1, room_2, room_3, room_4, room_5, room_6,
          room_7, room_8, room_9, room_10, room_11, room_12, room_13, room_14,
          room_15, room_16, room_17, room_18, room_19, room_20, room_21,
          room_22, room_23, room_24, room_25, room_26, room_27]

Skill      XL: |  1  2  3  4  5  6  7 |
---------------+----------------------+-----
Fighting       | 3 4 6 7 |  7.0
Short Blades   | 4 5 6 7 9 |  9.3
Throwing       | 3 4 5 7 8 |  8.4
Dodging        | 4 5 7 9 10 | 10.7
Stealth        | 7 8 10 12 13 | 13.8

Action                     |  1- 3 |  4- 6 |  7- 9 || total
---------------------------+-------+-------+-------++-------
  Melee: Quick blade       |     3 |    11 |    25 ||    39
  Throw: Dart              |       |       |     2 ||     2
 Invoke: Heroism           |       |     1 |       ||     1
    Use: Potion            |     2 |       |     2 ||     4
   Stab: Sleeping          |     1 |       |       ||     1
  Dodge: Dodged            |       |     5 |     9 ||    14
  Block: Buckler           |       |     6 |     2 ||     8

Table legend: (Time is in decaauts)
 A = Elapsed time spent in this place.
 B = Non-inter-level travel time spent in this place.
 C = Inter-level travel time spent in this place.
 D = Time resting spent in this place.
 E = Time spent auto-exploring this place.
 F = Levels seen in this place.
 G = Mean time per level.
                   A        B        C        D        E       F      G
               +--------+--------+--------+--------+--------+-----+--------+
         Total |    229 |    229 |      0 |    102 |      0 |   1 |  229.0 |
       Dungeon |    229 |    229 |      0 |    102 |      0 |   1 |  229.0 |
               +--------+--------+--------+--------+--------+-----+--------+

Top non-repeatable levels by time:
       D: 229 daAuts
